 Dungeon Crawl Stone Soup version 0.17-a0-1382-gc46a074 (webtiles) character file.

731 Hanyuu the Covert (level 7, -3/35 HPs)
             Began as a Spriggan Enchanter on June 15, 2015.
             Killed from afar by an orc wizard (12 damage)
             ... with a puff of flame
             ... on level 4 of the Dungeon.
             The game lasted 00:28:19 (6291 turns).

Hanyuu the Covert (Spriggan Enchanter)              Turns: 6291, Time: 00:28:19

Health: -3/35      AC:  3    Str:  5    XL:     7   Next: 45%
Magic:  3/14       EV: 19    Int: 18    God:
Gold:   192        SH:  0    Dex: 16    Spells: 3 memorised, 7 levels left

rFire  . . .     SeeInvis +     a - +1 dagger
rCold  . . .     Clarity  .     x - +1 robe
rNeg   . . .     SustAt   .     (shield restricted)
rPois  .         Gourm    .     (helmet restricted)
rElec  .         Spirit   .     (no cloak)
rCorr  .         Warding  .     (gloves unavailable)
rMut   .         Stasis   .     (boots unavailable)
MR     +....                    (no amulet)
Stlth  +++++.....               (no ring)
                                l - ring of see invisible

@: very slightly contaminated, very quick, somewhat resistant to hostile
enchantments, quite stealthy
A: unfitting armour, see invisible, herbivore 3, speed 3, slow metabolism 2
a: no special abilities


You were on level 4 of the Dungeon.
You were full.

You visited 1 branch of the dungeon, and saw 4 of its levels.
You also visited: Sewer.

You collected 192 gold pieces.

Inventory:

Hand weapons
 a - a +1 dagger (weapon)
 b - a +0 blowgun
Missiles
 q - a throwing net (quivered)
 w - 3 poisoned needles
 y - 3 tomahawks
Armour
 x - a +1 robe (worn)
Jewellery
 l - a ring of see invisible (left hand)
 s - a cursed ring of teleportation
Magical devices
 n - a wand of slowing (27)
 o - a wand of fireball (0)
 p - a wand of digging (15)
Scrolls
 f - 3 scrolls of recharging
 g - a scroll of fear
 h - a scroll of enchant armour {unknown}
 i - a scroll of amnesia {unknown}
 j - a scroll of remove curse {unknown}
Potions
 e - 2 potions of might {unknown}
 k - a potion of flight {unknown}
 m - a potion of mutation
 r - 4 potions of heal wounds
 t - a potion of lignification
 u - 2 potions of curing {unknown}
 v - a potion of brilliance {unknown}
 z - a potion of berserk rage {unknown}
Books
 c - a book of Maledictions

   Spells                             Type                      Level
   a - Corona                         Hexes                        1
   b - Ensorcelled Hibernation        Hexes/Ice                    2
   c - Confuse                        Hexes                        3
   d - Tukima's Dance                 Hexes                        3
   e - Dazzling Spray                 Conjuration/Hexes            3
Comestibles
 d - 3 bread rations


   Skills:
 - Level 2.1 Fighting
 - Level 4.1 Short Blades
 + Level 2.7 Throwing
 - Level 4.0 Dodging
 + Level 8.9 Stealth
 - Level 4.0 Spellcasting
 - Level 4.0 Hexes


You had 7 spell levels left.
You knew the following spells:

 Your Spells              Type           Power        Failure   Level  Hunger
a - Corona                Hex            ###....      2%          1    None
b - Confuse               Hex            ###.....     10%         3    ###....
c - Tukima's Dance        Hex            ###.....     10%         3    ###....


Dungeon Overview and Level Annotations

Branches:
Dungeon (4/15)
 Temple: D:4-7

Altars:
Fedhas
Xom
The Shining One

Shops:
D:4 :


Innate Abilities, Weirdness & Mutations

You are tiny and cannot use many weapons and most armour.
You have supernaturally acute eyesight.
You are a herbivore.
You cover ground extremely quickly.
You need consume almost no food.


Message History

Confirm with . or Enter, or press ? or * to list all spells.
You don't have enough magic to cast that spell.
You barely miss the orc wizard.
The orc wizard is moderately wounded.
The orc wizard points at you and mumbles some strange words.
The puff of frost hits you!
* * * LOW HITPOINT WARNING * * *
You are too injured to fight recklessly!
The orc wizard looks braver.
The orc wizard glows brightly for a moment.
Evoke which item? (* to show all) (? for menu, Esc to quit)
Zapping:
o - a wand of fireball {zapped: 8} (will waste charges)
Press: ? - help, Shift-Dir - straight line, f/p - orc wizard
Aim: an orc wizard, wielding a dagger and wearing a robe (moderately wounded, fast)
The fireball explodes!
The fireball engulfs the orc wizard.
The orc wizard is severely wounded.
Evoking this partially-identified wand wasted a few charges.
The orc wizard points at you and mumbles some strange words.
The puff of flame hits you!
You die...

..#.......#........#
..#.......#........#
..#.......#...##'###
..#.......#...##...#
..'.......#........#
..#.......'........#
..#.......#..(...>.#
..#)......#...##...#
..#.......#...##@..#
..#......)#...#....#
..#.......#...+....#
..#.......#...#.o..#
..#.......#...#....#
..#.......#...##...#
..#.......###+*#...#
..#.......#...*#...#
..#.......#...##...#


You could see an orc wizard.

Vanquished Creatures
  Sigmund (D:2)
  2 ogres
  3 orc wizards (D:4)
  Ijyb (D:2)
  Jessica (D:2)
  2 hounds
  Natasha (thrice) (D:2)
  A gnoll (D:2)
  9 adders
  3 oozes
  2 worms (D:3)
  3 giant geckos
  4 orcs
  4 ball pythons
  8 bats
  A bat skeleton (D:4)
  8 giant cockroaches
  5 goblins
  6 hobgoblins
  8 jackals (Sewer)
  4 quokkas
  7 giant newts
  12 kobolds
  8 rats
  A plant (Sewer)
107 creatures vanquished.

Vanquished Creatures (collateral kills)
  3 gnolls (D:2)
  An orc (D:4)
4 creatures vanquished.

Grand Total: 111 creatures vanquished

Notes
Turn   | Place    | Note
--------------------------------------------------------------
     0 | D:1      | Hanyuu the Spriggan Enchanter began the quest for the Orb.
     0 | D:1      | Reached XP level 1. HP: 9/9 MP: 5/5
    63 | D:1      | Reached XP level 2. HP: 11/13 MP: 6/6
   299 | D:1      | Reached skill level 5 in Stealth
   367 | D:2      | Reached XP level 3. HP: 13/17 MP: 8/8
   604 | D:2      | Noticed Natasha
   611 | D:2      | Learned a level 3 spell: Confuse
   719 | D:2      | Found a blossoming altar of Fedhas.
   723 | D:2      | Killed Natasha
   723 | D:2      | Reached skill level 1 in Fighting
   723 | D:2      | Reached XP level 4. HP: 20/22 MP: 9/9
   861 | D:2      | Found a faded altar to an unknown god.
   893 | D:2      | Noticed Jessica
   934 | D:2      | Killed Jessica
  1064 | D:2      | Noticed Natasha
  1110 | D:2      | Killed Natasha
  1137 | D:2      | Noticed Ijyb
  1408 | D:2      | Noticed Sigmund
  1659 | D:2      | Reached XP level 5. HP: 13/25 MP: 11/11
  1806 | D:2      | Learned a level 3 spell: Tukima's Dance
  1846 | D:2      | Noticed Natasha
  1886 | D:2      | Killed Natasha
  2497 | D:2      | Killed Ijyb
  2962 | D:2      | Killed Sigmund
  2962 | D:2      | Reached skill level 6 in Stealth
  2962 | D:2      | Reached XP level 6. HP: 30/30 MP: 10/13
  3172 | D:3      | Found a shimmering altar of Xom.
  3277 | D:2      | Reached skill level 7 in Stealth
  4117 | D:4      | Found a glowing drain.
  4139 | Sewer    | Entered a sewer
  5682 | D:4      | Found a glowing golden altar of the Shining One.
  5723 | D:4      | Found Xawonas's Book Shop.
  5854 | D:4      | Reached XP level 7. HP: 35/35 MP: 10/14
  5872 | D:4      | Reached skill level 1 in Throwing
  5872 | D:4      | Reached skill level 8 in Stealth
  6291 | D:4      | Killed from afar by an orc wizard

Vault maps used:
D:1:      grunt_arrival_lava_bath
D:2:      fedhas_altar_2, ecumenical_altar_1, first_bread, uniq_sigmund,
          uniq_jessica, uniq_iyjb, uniq_natasha
D:3:      lemuel_coloured_pillars_altar
D:4:      kennysheep_mini_moat, lightli_sewer_entry_pipes, serial_shops, shop,
          kennysheep_generic_room_7
Sewer:    sewer_co_scattered_pipes

Action                   |  1- 3 |  4- 6 |  7- 9 || total
-------------------------+-------+-------+-------++-------
Melee: Dagger            |    87 |   482 |    23 ||   592
 Fire: Blowgun           |       |     4 |     3 ||     7
Throw: Throwing net      |       |       |     1 ||     1
 Cast: Corona            |     2 |    11 |     3 ||    16
       Confuse           |       |    14 |     9 ||    23
       Tukima's Dance    |       |     8 |     3 ||    11
Evoke: Wand              |       |     4 |     2 ||     6
  Use: Scroll            |       |     7 |     1 ||     8
       Potion            |       |     1 |       ||     1
 Stab: Sleeping          |     8 |    14 |     1 ||    23
       Confused          |       |     8 |     3 ||    11
       Distracted        |       |     1 |       ||     1
       Held in net/web   |       |       |     1 ||     1
  Eat: Bread ration      |       |     1 |     1 ||     2
